 Dungeon Crawl Stone Soup version 0.17-a0-1020-ge683cc4 (webtiles) character file.

136948 Chiseanne the Fencer (level 16, -4/136 HPs)
             Began as a Demonspawn Hunter on Apr 28, 2015.
             Was an Initiate of Gozag.
             Slain by a thorn hunter (16 damage)
             ... on level 4 of the Swamp on May 16, 2015.
             The game lasted 02:34:05 (37325 turns).

Chiseanne the Fencer (Demonspawn Hunter)           Turns: 37325, Time: 02:34:05

Health: -4/136     AC: 25    Str: 20    XL:     16   Next: 67%
Magic:  16/16      EV: 18    Int: 13    God:    Gozag
Gold:   2183       SH:  0    Dex: 17    Spells: 0 memorised, 15 levels left

rFire  + . .     SeeInvis .     s - +2 battleaxe (flame)
rCold  + . .     Clarity  +     L - +2 robe "Niciol" {*Contam rPois Slay+4}
rNeg   . . .     SustAb   .     (no shield)
rPois  +         Gourm    .     (helmet restricted)
rElec  +         Spirit   .     t - +0 cloak "Zenatacw" {rPois rF+ MR+}
rCorr  .         Warding  .     E - +3 pair of gloves of Impressiveness {+Inv rPois Str+2 Slay+3}
rMut   .         Stasis   .     y - +2 pair of boots
MR     ++...                    K - amulet "Vaast" {Clar rElec Str+2}
Stlth  ++........               r - +4 ring of slaying
                                f - ring of the Peculiar Cities {rC+ AC+3 Dex+2}

@: studying Armour, very resistant to hostile enchantments, unstealthy
A: horns 1, talons 2, rough black scales 2, foul stench 2, powered by death 2,
rot immunity, subdued magic 1
a: Potion Petition, Call Merchant, Bribe Branch, Renounce Religion, Evoke
Invisibility


You were on level 4 of the Swamp.
You worshipped Gozag.
Gozag was noncommittal.
You were very full.

You visited 5 branches of the dungeon, and saw 32 of its levels.
You also visited: Labyrinth.

You collected 14993 gold pieces.
You spent 10015 gold pieces at shops.
You paid 2795 gold pieces to Gozag.

Inventory:

Hand weapons
 a - a +9 great sword of freezing
 d - a +2 great sword of protection
 s - a +2 battleaxe of flaming (weapon)
 w - a +0 blowgun
Missiles
 P - 8 poisoned javelins (quivered)
 Q - 94 poisoned needles
 Z - 6 javelins
Armour
 h - a +1 helmet
 m - a +0 shield of reflection {Donald}
 t - the +0 cloak "Zenatacw" (worn) {rPois rF+ MR+}
   (You bought it in a shop on level 14 of the Dungeon)

   It protects you from fire.
   It protects you from poison.
   It affects your resistance to hostile enchantments.
 y - a +2 pair of boots (worn)
 E - the +3 pair of gloves of Impressiveness (worn) {+Inv rPois Str+2 Slay+3}
   (You bought it in a shop on level 6 of the Dungeon)

   It affects your strength (+2).
   It affects your accuracy and damage with ranged weapons and melee attacks
   (+3).
   It protects you from poison.
   It lets you turn invisible.
 L - the +2 robe "Niciol" (worn) {*Contam rPois Slay+4}
   (You bought it in a shop on level 14 of the Dungeon)

   It affects your accuracy and damage with ranged weapons and melee attacks
   (+4).
   It protects you from poison.
   It causes magical contamination when unequipped.
Jewellery
 e - an uncursed amulet of resist corrosion
 f - the ring of the Peculiar Cities (left hand) {rC+ AC+3 Dex+2}
   (You bought it in a shop on level 15 of the Dungeon)

   [ring of protection]

   It affects your AC (+3).
   It affects your dexterity (+2).
   It protects you from cold.
 r - a +4 ring of slaying (right hand)
 A - an uncursed ring of flight
 B - the ring of Hoaplor {AC+1 SInv}
   (You took it off an efreet on level 14 of the Dungeon)

   [ring of protection]

   It affects your AC (+1).
   It enhances your eyesight.
 K - the amulet "Vaast" (around neck) {Clar rElec Str+2}
   (You bought it in a shop on level 15 of the Dungeon)

   [amulet of clarity]

   It provides mental clarity.
   It affects your strength (+2).
   It insulates you from electricity.
Magical devices
 o - a wand of invisibility (2)
 v - a wand of teleportation (2)
 V - a wand of heal wounds (3)
 Y - a wand of digging (13)
Scrolls
 g - 5 scrolls of recharging
 i - a scroll of enchant armour
 j - 19 scrolls of remove curse
 u - 2 scrolls of fog
 z - 4 scrolls of blinking
 D - a scroll of magic mapping
 I - 10 scrolls of teleportation
 T - 4 scrolls of fear
 U - 13 scrolls of identify
 W - 3 scrolls of silence
Potions
 c - 2 potions of agility
 l - 8 potions of curing
 n - 8 potions of heal wounds
 q - 3 potions of cancellation
 x - 3 potions of restore abilities
 C - a potion of haste
 F - 2 potions of invisibility
 H - 2 potions of might
 N - 2 potions of resistance
Books
 b - a manual of Armour
Miscellaneous
 k - a sack of spiders {used: 4}
Comestibles
 p - 6 bread rations
 O - 11 meat rations


   Skills:
 * Level 15.0 Fighting
 * Level 16.5 Long Blades
 - Level 7.1 Throwing
 * Level 13.8 Armour
 * Level 9.0 Dodging
 - Level 0.8 Stealth


You had 15 spell levels left.
You didn't know any spells.

Dungeon Overview and Level Annotations

Branches:
Dungeon (15/15)            Temple (1/1) D:6            Lair (8/8) D:10
  Swamp (4/5) Lair:6       Spider (0/5) Lair:3        Slime (0/6) Lair:7
    Orc (4/4) D:10            Elf (0/3) Orc:4        Vaults (0/5) D:14
 Depths (0/5) D:15

Altars:
Ashenzari
Cheibriados
Dithmenos
Elyvilon
Fedhas
Gozag
Kikubaaqudgha
Makhleb
Nemelex Xobeh
Okawaru
Qazlal
Ru
Sif Muna
Trog
Vehumet
Xom
Yredelemnul
Zin
The Shining One
Beogh

Shops:
D:4 *   D:6 [   D:11 (   D:13 %   D:14 [   D:15 [=*:?   Orc:1 =   Orc:3 ?
Orc:4 [(}(}

Annotations:
D:4 Ngotmuk's ghost, average DDFi


Innate Abilities, Weirdness & Mutations

You have razor-sharp toenails.
You are mostly covered in rough black scales (AC +7, Dex -2).
You frequently emit foul miasma when damaged in melee.
You can steal the life force of defeated enemies.
You are immune to rotting.
You have a pair of small horns on your head.
Your spells are a little easier to cast, but a little less powerful.


Message History

The giant leech misses you.
You completely miss the giant leech. You headbutt the giant leech.
The giant leech is moderately wounded.
You hit the thorn hunter. You burn the thorn hunter.
The thorn hunter is lightly damaged.
You hit the swamp drake. You burn the swamp drake.
The swamp drake is almost dead.
The swamp drake misses you. The thorn hunter hits you!!
The thorn hunter looks sick.
The thorn hunter hits you but does no damage.
The giant leech bites you!
* * * LOW HITPOINT WARNING * * *
The giant leech draws strength from your injuries!
You emit a cloud of foul miasma!
The swamp drake breathes noxious fumes at you.
The noxious blast misses you. The thorn hunter hits you!!
* * * LOW HITPOINT WARNING * * *
The thorn hunter hits you!
You die...
Your body crumbles into a pile of gold.

♣..≈≈≈≈≈≈≈≈..≈♣≈≈≈♣ .≈.
♣.§≈≈≈..≈≈§.≈≈≈♣≈.≈
≈PP♣♣♣P.PPPPPP§≈≈≈≈..≈≈§
♣.PPPPP≈PPPPP≈≈≈≈≈≈.♣♣≈≈
.≈≈≈≈≈≈≈≈≈.≈.≈≈≈P.♣♣♣♣≈≈
≈≈≈≈≈≈.≈.≈.♣≈≈≈...≈♣ ♣..
≈≈≈≈≈§.♣..≈♣.≈≈.♣♣♣♣ ♣♣.
.§≈..§k§§§♣♣.≈.♣♣ ♣♣≈
♣≈..§w@§♣♣♣♣♣♣♣ ♣≈.
♣♣♣.§f§§..♣ ♣♣.
♣≈.§...≈.♣ ♣♣≈≈
♣≈≈.....♣♣ ♣§[.
..♣.§≈≈.♣♣ ♣..♣ ♣.
..≈≈≈.♣ ♣♣♣ . ≈≈.≈.§≈♣
.≈≈. ≈≈≈.....≈ ..≈≈≈
♣..≈≈


You could see a thorn hunter, a giant leech and a swamp drake.

Vanquished Creatures
  A thorn hunter (Swamp:2)
  Donald (Swamp:2)
  Maud (Lair:4)
  2 orc warlords
  Azrael (Orc:4)
  A dire elephant (Lair:8)
  Snorg (D:10)
  A minotaur (Lab)
  4 vault guards (D:14)
  Josephine (D:11)
  The ghost of kompi the Unseen, a powerful VSEn of Dithmenos (Orc:3)
  11 hydras
  Fannar (Lair:1)
  Harold (D:10)
  2 catoblepae
  Erica (Lair:2)
  7 centaur warriors
  10 death yaks
  A ghost crab (Swamp:1)
  2 alligators
  A tengu warrior (D:13)
  A deep troll shaman (Lair:8)
  A titan zombie (D:15)
  3 skeletal warriors (D:15)
  3 shambling mangroves
  2 swamp dragons
  A wizard (D:10)
  An unseen horror (D:12)
  2 orc knights (D:14)
  7 hill giants
  A flayed ghost (D:15)
  A harpy (D:14)
  A lindwurm (Lair:6)
  3 oklob plants (Lair:7)
  A griffon (Lair:8)
  2 wolf spider zombies (D:15)
  4 orc sorcerers
  8 ugly things
  A necromancer (D:15)
  4 manticores
  4 cyclopes
  A stone giant zombie (D:15)
  4 hornets (Swamp:2)
  A centaur zombie (D:13)
  Maurice (D:13)
  16 elephants
  2 gargoyles
  A torpor snail (Lair:8)
  7 black mambas
  Psyche (D:8)
  18 spiny frogs
  6 centaur skeletons
  6 yaktaurs
  10 komodo dragons
  An efreet (D:14)
  2 fire drakes
  6 trolls
  A deep elf priest (D:14)
  3 polar bears (Lair:8)
  13 slime creatures
  2 two-headed ogres
  7 giant leeches
  Prince Ribbit (D:8)
  5 ravens
  An ettin zombie (D:15)
  9 bog bodies
  24 blink frogs
  A spriggan (Swamp:2)
  3 boulder beetles
  2 shadows
  A wyvern (D:13)
  48 yaks
  A deep troll skeleton (D:15)
  5 fire elementals (Orc:4)
  A human (D:14)
  Eustachio (D:6)
  6 basilisks
  A deep elf fighter (D:10)
  A hungry ghost (D:13)
  7 wraiths
  16 vampire mosquitoes
  5 deep elf magi
  12 hippogriffs
  5 wolves (Lair:8)
  3 wargs
  2 mottled dragons (D:14)
  9 swamp worms
  4 porcupines
  19 water moccasins
  Duvessa (D:6)
  2 hell hounds (Orc:4)
  4 swamp drakes
  An eye of draining (D:13)
  13 wasps
  29 centaurs
  5 phantoms
  A necrophage (D:12)
  5 ice beasts
  7 sky beasts
  A black bear (D:11)
  39 orc warriors
  12 ogres
  2 removed MONS_BORING_BEETLEs
  18 crocodiles
  A big kobold (D:13)
  A gnoll sergeant (D:8)
  A brain worm (D:15)
  21 giant frogs
  Dowan (D:6)
  6 killer bees
  7 scorpions
  18 wights
  6 crimson imps
  4 beetles (Lair:3)
  13 electric eels
  3 giant frog zombies
  9 jellies
  2 gnoll shamans
  28 orc priests
  10 hounds
  3 giant frog skeletons (D:8)
  8 iguanas
  17 worker ants
  3 quasits
  25 orc wizards
  A killer bee zombie (D:10)
  18 sheep
  A hound zombie (D:5)
  2 hound skeletons
  28 gnolls
  A worker ant zombie (D:8)
  50 river rats
  13 adders
  4 shadow imps
  12 white imps (D:12)
  7 oozes
  4 worms (D:12)
  8 giant geckos
  186 orcs
  22 bats
  8 giant cockroaches
  25 hobgoblins
  17 jackals
  4 quokkas
  4 ball pythons
  A giant gecko zombie (D:5)
  2 giant spores
  18 goblins
  20 kobolds
  A quokka skeleton (D:5)
  28 rats
  11 ballistomycetes
  2 briar patches (Swamp:2)
  16 fungi
  19 plants
1265 creatures vanquished.

Vanquished Creatures (others)
  A vampire mosquito (D:14)
  4 spiders (Swamp:2)
  2 gnolls (D:7)
  An orc (Orc:4)
  A quokka (D:8)
  A giant cockroach (Swamp:2)
  2 giant spores
  A briar patch (Swamp:2)
  3 fungi
  6 plants
22 creatures vanquished.

Grand Total: 1287 creatures vanquished

Notes
Turn   | Place    | Note
--------------------------------------------------------------
     0 | D:1      | Chiseanne, the Demonspawn Hunter, began the quest for the Orb.
     0 | D:1      | Reached XP level 1. HP: 16/16 MP: 1/1
   425 | D:1      | Gained mutation: You are partially covered in rough black scales (AC +4, Dex -1). [demonic ancestry]
   425 | D:1      | Reached XP level 2. HP: 16/22 MP: 2/2
   532 | D:1      | Reached skill level 4 in Throwing
   968 | D:2      | Gained mutation: You are immune to rotting. [demonic ancestry]
   968 | D:2      | Reached XP level 3. HP: 21/28 MP: 3/3
  1176 | D:2      | Noticed an air elemental
  1178 | D:2      | Found a stormy altar of Qazlal.
  1179 | D:2      | Noticed an earth elemental
  1179 | D:2      | Noticed a fire elemental
  1179 | D:2      | Noticed a water elemental
  1470 | D:2      | Gained mutation: You have sharp toenails. [demonic ancestry]
  1470 | D:2      | Reached XP level 4. HP: 31/34 MP: 4/4
  2191 | D:3      | Found a snail-covered altar of Cheibriados.
  2307 | D:3      | Found a shimmering altar of Xom.
  2400 | D:3      | Found an opulent altar of Gozag.
  2414 | D:3      | Became a worshipper of Gozag Ym Sagoz the Greedy
  2567 | D:3      | Reached XP level 5. HP: 39/41 MP: 5/5
  2923 | D:3      | Reached skill level 5 in Throwing
  3242 | D:4      | Noticed an ogre
  3251 | D:4      | Killed an ogre
  3251 | D:4      | Gained mutation: You may emit foul miasma when damaged in melee. [demonic ancestry]
  3251 | D:4      | Reached XP level 6. HP: 6/47 MP: 6/6
  3585 | D:4      | Found Zin's Purification Station.
  3595 | D:4      | Found a glowing silver altar of Zin.
  3678 | D:4      | Found a shadowy altar of Dithmenos.
  3727 | D:4      | Noticed Ngotmuk's ghost (average DDFi)
  3849 | D:4      | Noticed an ogre
  3855 | D:4      | Killed an ogre
  3858 | D:4      | Gained mutation: You frequently emit foul miasma when damaged in melee. [demonic ancestry]
  3858 | D:4      | Reached XP level 7. HP: 20/53 MP: 7/7
  4101 | D:4      | Noticed a phantom
  4144 | D:4      | Killed a phantom
  4144 | D:4      | Reached skill level 5 in Dodging
  4172 | D:4      | Found an iron altar of Okawaru.
  4263 | D:4      | Found a basalt altar of Yredelemnul.
  4673 | D:5      | Entered Level 5 of the Dungeon
  4909 | D:5      | Found a sparkling altar of Nemelex Xobeh.
  4930 | D:5      | Reached skill level 6 in Throwing
  5372 | D:5      | Reached XP level 8. HP: 30/60 MP: 8/8
  5721 | D:5      | Found a sacrificial altar of Ru.
  6130 | D:5      | Found an ancient bone altar of Kikubaaqudgha.
  6225 | D:5      | Found a glowing golden altar of the Shining One.
  6510 | D:6      | Reached skill level 5 in Fighting
  6560 | D:6      | Noticed Dowan
  6561 | D:6      | Noticed Duvessa
  6571 | D:6      | Killed Dowan
  6576 | D:6      | Killed Duvessa
  6671 | D:6      | Reached skill level 7 in Dodging
  6991 | D:6      | Found Winuff's Antique Armour Emporium.
  7003 | D:6      | Bought a faintly glowing plate armour for 560 gold pieces
  7003 | D:6      | Bought a pair of heavily runed gloves for 190 gold pieces
  7009 | D:6      | Identified the +3 pair of gloves of Impressiveness {+Inv rPois Str+2 Slay+3} (You bought it in a shop on level 6 of the Dungeon)
  7019 | D:6      | Identified the +3 plate armour of Dogma {rN+ Str+6} (You bought it in a shop on level 6 of the Dungeon)
  7059 | D:6      | Found a staircase to the Ecumenical Temple.
  7072 | D:6      | Reached skill level 1 in Armour
  7092 | Temple   | Entered the Ecumenical Temple
  7259 | D:6      | Gained mutation: You can steal the life force of nearby defeated enemies. [demonic ancestry]
  7259 | D:6      | Reached XP level 9. HP: 41/68 MP: 9/9
  7522 | D:6      | Noticed Eustachio
  7525 | D:6      | Killed Eustachio
  7854 | D:7      | Found a glowing golden altar of the Shining One.
  7950 | D:7      | Identified the Handbook of Bewitchment (You found it on level 7 of the Dungeon)
  7977 | D:7      | Reached skill level 5 in Armour
  8177 | D:7      | You fall through a shaft!
  8350 | D:8      | Noticed Prince Ribbit
  8395 | D:8      | Killed Prince Ribbit
  9375 | D:8      | Reached skill level 8 in Armour
  9375 | D:8      | Reached XP level 10. HP: 69/74 MP: 10/10
  9735 | D:8      | Reached skill level 1 in Long Blades
  9877 | D:8      | Found a blossoming altar of Fedhas.
  9879 | D:8      | Found a stormy altar of Qazlal.
  9991 | D:8      | Noticed Psyche
  9996 | D:8      | Killed Psyche
 10202 | D:8      | Reached skill level 9 in Armour
 10903 | D:9      | Found a bloodstained altar of Trog.
 11111 | D:10     | Entered Level 10 of the Dungeon
 11113 | D:10     | Noticed a hill giant
 11121 | D:10     | Killed a hill giant
 11540 | D:10     | Noticed a hill giant
 11546 | D:10     | Killed a hill giant
 11651 | D:10     | Noticed Snorg
 11661 | D:10     | Killed Snorg
 11661 | D:10     | Reached skill level 5 in Long Blades
 11661 | D:10     | Gained mutation: You can steal the life force of defeated enemies. [demonic ancestry]
 11661 | D:10     | Reached XP level 11. HP: 61/84 MP: 11/11
 11690 | D:10     | Noticed a hill giant
 11697 | D:10     | Killed a hill giant
 11994 | D:10     | Found a staircase to the Lair.
 12004 | Lair:1   | Entered Level 1 of the Lair of Beasts
 12250 | D:10     | Found a staircase to the Orcish Mines.
 12250 | D:10     | Noticed a hill giant
 12256 | D:10     | Killed a hill giant
 12298 | D:10     | Noticed a wizard
 12310 | D:10     | Killed a wizard
 12357 | D:10     | Noticed Harold
 12371 | D:10     | Killed Harold
 12371 | D:10     | Reached skill level 10 in Armour
 13474 | D:11     | Found Qemnuv's Weapon Shoppe.
 13612 | D:11     | Got a warped hand crossbow
 13623 | D:11     | Identified the +1 hand crossbow "Irecyz" {elec, Str+3 Dex+6} (You found it on level 11 of the Dungeon)
 13808 | D:11     | Noticed Josephine
 13819 | D:11     | Killed Josephine
 13867 | D:11     | Gained mutation: You are mostly covered in rough black scales (AC +7, Dex -2). [demonic ancestry]
 13867 | D:11     | Reached XP level 12. HP: 86/95 MP: 12/12
 13958 | D:11     | Got a shimmering long sword
 13959 | D:11     | Identified the +5 long sword "Eraaj" {slice, -Tele rF+ rN++ MP+9} (You found it on level 11 of the Dungeon)
 14587 | D:12     | Found Vexutt's Magic Scroll Emporium.
 14650 | D:12     | Found a frozen archway.
 14689 | D:12     | Bought a scroll of holy word for 112 gold pieces
 14689 | D:12     | Bought a scroll of silence for 112 gold pieces
 14689 | D:12     | Bought a scroll of remove curse for 45 gold pieces
 14689 | D:12     | Bought a scroll of enchant weapon for 112 gold pieces
 14689 | D:12     | Bought a scroll of remove curse for 45 gold pieces
 14689 | D:12     | Bought a scroll of remove curse for 45 gold pieces
 14689 | D:12     | Bought a scroll of identify for 30 gold pieces
 14689 | D:12     | Bought a scroll of teleportation for 45 gold pieces
 14689 | D:12     | Bought a scroll of immolation for 52 gold pieces
 14689 | D:12     | Bought a scroll of remove curse for 45 gold pieces
 14689 | D:12     | Bought a scroll of identify for 30 gold pieces
 14689 | D:12     | Bought 2 scrolls of remove curse for 90 gold pieces
 15557 | D:12     | Found a staircase to the Orcish Mines.
 16235 | D:12     | Reached skill level 10 in Fighting
 16392 | D:13     | Reached skill level 10 in Long Blades
 16485 | D:13     | Noticed Maurice
 16490 | D:13     | Killed Maurice
 16541 | D:13     | Found Meppuc's Food Boutique.
 16561 | D:13     | Bought a royal jelly for 24 gold pieces
 16561 | D:13     | Bought a beef jerky for 18 gold pieces
 16561 | D:13     | Bought 3 fruits for 54 gold pieces
 16621 | D:13     | Noticed a centaur warrior
 16911 | D:13     | Killed a centaur warrior
 16911 | D:13     | Reached skill level 11 in Armour
 17268 | D:13     | Reached XP level 13. HP: 85/104 MP: 13/13
 17280 | D:13     | Noticed a centaur warrior
 17285 | D:13     | Killed a centaur warrior
 18609 | D:14     | Found Paytiom's Antique Armour Shop.
 18613 | D:14     | Bought a heavily runed cloak for 323 gold pieces
 18630 | D:14     | Identified the cursed +0 cloak "Zenatacw" {rPois rF+ MR+} (You bought it in a shop on level 14 of the Dungeon)
 18707 | D:14     | Reached skill level 12 in Long Blades
 19114 | D:14     | Found a gate to the Vaults.
 19942 | D:15     | Entered Level 15 of the Dungeon
 19942 | D:15     | Found Nuurreme's Jewellery Boutique.
 19958 | D:15     | Bought the amulet "Vaast" {Clar rElec Str+2} for 496 gold pieces
 19959 | D:15     | Bought the ring of the Peculiar Cities {rC+ AC+3 Dex+2} for 509 gold pieces
 19990 | D:15     | Reached XP level 14. HP: 100/115 MP: 14/14
 20133 | D:15     | Found a staircase to the Depths.
 20541 | D:15     | Reached skill level 13 in Long Blades
 20969 | D:15     | Found Xif Ocis's Armour Emporium.
 21095 | D:15     | Found Ytydeuch's Assorted Antiques.
 21122 | D:15     | Bought a potion of curing for 75 gold pieces
 21122 | D:15     | Bought a potion of might for 100 gold pieces
 21122 | D:15     | Bought a scroll of identify for 50 gold pieces
 21122 | D:15     | Bought a forked silver wand for 100 gold pieces
 21122 | D:15     | Bought a blackened brass ring for 125 gold pieces
 21136 | D:15     | Bought a twisted diamond amulet for 125 gold pieces
 21155 | D:15     | Found Duqaniod's Book Shop.
 21202 | D:15     | Found Umnaanlo's Magic Scroll Emporium.
 21222 | D:15     | Bought a scroll of identify for 26 gold pieces
 21222 | D:15     | Bought a scroll of blinking for 97 gold pieces
 21222 | D:15     | Bought a scroll of identify for 26 gold pieces
 21222 | D:15     | Bought a scroll of identify for 26 gold pieces
 21222 | D:15     | Bought 2 scrolls of enchant weapon for 195 gold pieces
 21984 | Orc:1    | Entered Level 1 of the Orcish Mines
 22083 | Orc:1    | Found Hoacuf's Jewellery Boutique.
 22092 | Orc:1    | Bought a cursed ring of loudness for 67 gold pieces
 22092 | Orc:1    | Bought a cursed amulet of inaccuracy for 30 gold pieces
 22099 | Orc:1    | Bought an uncursed ring of flight for 262 gold pieces
 22172 | Orc:1    | You fall through a shaft!
 22248 | Orc:1    | Found a deep blue altar of Sif Muna.
 22699 | Orc:2    | Found a roughly hewn altar of Beogh.
 23319 | Orc:3    | Noticed an orc warlord
 23360 | Orc:3    | Killed an orc warlord
 23542 | Orc:3    | Noticed kompi's ghost (powerful VSEn)
 23551 | Orc:3    | Killed kompi's ghost
 23894 | Orc:3    | Found Rotu's Magic Scroll Shoppe.
 23900 | Orc:3    | Bought a scroll of amnesia for 42 gold pieces
 23900 | Orc:3    | Bought a scroll of enchant armour for 90 gold pieces
 23900 | Orc:3    | Bought a scroll of identify for 24 gold pieces
 23900 | Orc:3    | Bought a scroll of enchant armour for 90 gold pieces
 23900 | Orc:3    | Bought a scroll of identify for 24 gold pieces
 23900 | Orc:3    | Bought a scroll of fear for 42 gold pieces
 23900 | Orc:3    | Bought a scroll of enchant weapon for 90 gold pieces
 23900 | Orc:3    | Bought a scroll of identify for 24 gold pieces
 23900 | Orc:3    | Bought a scroll of teleportation for 36 gold pieces
 23900 | Orc:3    | Bought a scroll of identify for 24 gold pieces
 24109 | Orc:4    | Entered Level 4 of the Orcish Mines
 24150 | Orc:4    | Noticed Azrael
 24168 | Orc:4    | Killed Azrael
 24179 | Orc:4    | Found a staircase to the Elven Halls.
 24312 | Orc:4    | Found a roughly hewn altar of Beogh.
 24466 | Orc:4    | Found Oqitexzu's Antique Weapon Boutique.
 24613 | Orc:4    | Found a roughly hewn altar of Beogh.
 24751 | Orc:4    | Noticed an orc warlord
 24762 | Orc:4    | Killed an orc warlord
 24783 | Orc:4    | Reached skill level 14 in Long Blades
 24910 | Orc:4    | Found a roughly hewn altar of Beogh.
 24910 | Orc:4    | Found Wiahink's Antique Weapon Boutique.
 24915 | Orc:4    | Found Ihab's Antique Armour Shop.
 24976 | Orc:4    | Found a roughly hewn altar of Beogh.
 24976 | Orc:4    | Found Xodoh's Gadget Shoppe.
 25011 | Orc:4    | Bought a wand of invisibility (2) for 72 gold pieces
 25011 | Orc:4    | Bought a wand of teleportation (2) for 216 gold pieces
 25036 | Orc:4    | Found a roughly hewn altar of Beogh.
 25037 | Orc:4    | Found Ulifacos's Gadget Emporium.
 25623 | Lair:1   | Noticed Fannar
 25650 | Lair:1   | Killed Fannar
 26201 | Lair:2   | You fall through a shaft!
 26454 | Lair:3   | Found a hole to the Spider Nest.
 26496 | Lair:3   | Identified a +0 rod of clouds (14/14) (You found it on level 3 of the Lair of Beasts)
 26766 | Lair:3   | Reached XP level 15. HP: 116/123 MP: 15/15
 26880 | Lair:3   | Got a warped leather armour
 26892 | Lair:3   | Identified the +4 leather armour "Buggokhli" {Int+3} (You found it on level 3 of the Lair of Beasts)
 27574 | Lair:4   | Noticed Maud
 27590 | Lair:4   | Killed Maud
 28897 | Lair:6   | Reached skill level 15 in Long Blades
 29013 | Lair:6   | Found a staircase to the Swamp.
 29857 | Lair:7   | Found a labyrinth entrance.
 29877 | Lab      | Entered a labyrinth
 30327 | Lab      | Got a clouded pewter ring
 30331 | Lab      | Identified the cursed ring of Ureorr {rPois Str-3 Stlth+} (You found it in a labyrinth)
 30333 | Lab      | Identified a +2 rod of inaccuracy (3/11) (You took it off a minotaur in a labyrinth)
 30335 | Lab      | Identified a cursed +2 rod of shadows (11/11) (You found it in a labyrinth)
 30338 | Lab      | Identified a +0 rod of the swarm (13/13) (You found it in a labyrinth)
 30426 | Lair:7   | Found a staircase to the Slime Pits.
 31104 | Lair:8   | Entered Level 8 of the Lair of Beasts
 31189 | Lair:8   | Gained mutation: You have a pair of small horns on your head. [potion of beneficial mutation]
 31197 | Lair:8   | Got a shimmering troll leather armour
 31233 | Lair:8   | Identified the +3 troll leather armour of Okawaru's Vengeance {rC+ Regen+} (You found it on level 8 of the Lair of Beasts)
 32238 | Lair:8   | Gained mutation: You have razor-sharp toenails. [demonic ancestry]
 32238 | Lair:8   | Reached XP level 16. HP: 134/134 MP: 16/16
 32242 | Lair:8   | Reached skill level 16 in Long Blades
 32336 | Lair:8   | Got a twisted leather armour
 32347 | Lair:8   | Identified the +2 leather armour of the Bard {Dex+4 Slay+5} (You found it on level 8 of the Lair of Beasts)
 32805 | Lair:2   | Noticed Erica
 32809 | Lair:2   | Killed Erica
 33630 | D:15     | Bought a scroll of blinking for 97 gold pieces
 33630 | D:15     | Bought a scroll of enchant armour for 97 gold pieces
 33630 | D:15     | Bought a scroll of vulnerability for 97 gold pieces
 33630 | D:15     | Bought a scroll of enchant armour for 97 gold pieces
 33630 | D:15     | Bought a scroll of fear for 45 gold pieces
 33630 | D:15     | Bought a scroll of teleportation for 39 gold pieces
 33630 | D:15     | Bought a scroll of acquirement for 676 gold pieces
 33693 | D:15     | Bought a scroll of enchant armour for 187 gold pieces
 33693 | D:15     | Bought 3 scrolls of enchant armour for 562 gold pieces
 33693 | D:15     | Bought a potion of restore abilities for 125 gold pieces
 33752 | D:14     | Bought the +2 shield of Resistance {rF+ rC+ MR+} for 1397 gold pieces
 33752 | D:14     | Bought a dazzling plate armour for 952 gold pieces
 33752 | D:14     | Bought a smoking ring mail for 306 gold pieces
 33752 | D:14     | Bought a steaming robe for 193 gold pieces
 33763 | D:14     | Identified the cursed +0 plate armour of the Cast Vote {+Fly rF+ Int+7 Dex-4} (You bought it in a shop on level 14 of the Dungeon)
 33774 | D:14     | Identified the +6 ring mail of Theory {Contam MR+ Int+2} (You bought it in a shop on level 14 of the Dungeon)
 33784 | D:14     | Identified the +2 robe "Niciol" {Contam rPois Slay+4} (You bought it in a shop on level 14 of the Dungeon)
 33785 | D:14     | Upgraded the game from 0.17-a0-737-gf0a300a to 0.17-a0-1020-ge683cc4
 33809 | D:14     | Gained mutation: Your spells are a little easier to cast, but a little less powerful. [mutagenic glow]
 33820 | D:15     | Bought a +2 ring of evasion for 130 gold pieces
 33893 | D:14     | Got a vibrating turquoise ring
 33940 | D:14     | Identified the Almanac of the Birds
 33986 | D:14     | Got a dazzling mace
 33989 | D:14     | Identified the +8 mace "Spiderslayer" {venom, +Inv rF+} (You found it on level 14 of the Dungeon)
 34531 | Lair:1   | Identified the ring of Hoaplor {AC+1 SInv} (You took it off an efreet on level 14 of the Dungeon)
 34902 | Swamp:1  | Entered Level 1 of the Swamp
 36430 | Swamp:2  | Noticed Donald
 36454 | Swamp:2  | Killed Donald
 36954 | Swamp:4  | Reached skill level 15 in Fighting
 37325 | Swamp:4  | Slain by a thorn hunter

Vault maps used:
D:1:      dpeg_arrival_signposts, nrook_uturn
D:2:      minmay_door_path, first_bread, nicolae_qazlal_style_of_elements
D:3:      tgw_xom, lemuel_coloured_pillars_altar, kennysheep_nondescript,
          grunt_gozag_statues
D:4:      grunt_temple_overflow_open, zin_purify, grunt_dithmenos_shadows,
          corexii_item_surrounded_by_moat
D:5:      kennysheep_mini, kiku_gazebo_garden_becter, lemuel_crystal_altar,
          tso_oasis_becter
D:6:      minmay_temple_entry_trees, serial_shops, shop, hex_tiny, uniq_duvessa,
          uniq_eustachio
D:7:      tso_metal_star
D:8:      kennysheep_six_static_rooms, grunt_temple_overflow_forces_of_nature,
          serial_bayou, serial_bayou_lake_a, serial_bayou_crossing,
          serial_bayou_shore_b, serial_bayou_shore_b,
          hangedman_little_slice_of_home, uniq_psyche, uniq_prince_ribbit1
D:9:      kennysheep_little_box
D:10:     grunt_lair_entry_elf_guard_hut, orc_0_dummy, serial_bayou_pond_e,
          lightli_wizard_tower, uniq_harold, uniq_snorg
D:11:     lemuel_nasty_fountain, uniq_josephine
D:12:     david_orc_1_choice, portal_ice_cave_entry_imps, minmay_misc_feat_x,
          hive_lemuel
D:13:     serial_shops, shop, minmay_fountain_box, uniq_maurice
D:14:     grunt_vaults_entry_fortified, minivault_12
D:15:     gammafunk_depths_entry_grave, serial_shops, shop_fountains,
          shop_statue, nicolae_shop_crystal, shop_fountains,
          grunt_decor_mini_mirrors
Temple:   circular_temple_6
Lair:1:   uniq_fannar
Lair:2:   serial_bayou_shore_a, lemuel_fruit_tree, grunt_megastairs_3,
          infiniplex_staircase_pool, lemuel_fruit_fields, uniq_erica
Lair:3:   nicolae_spider_entry_non_spiders
Lair:4:   uniq_maud
Lair:6:   minmay_swamp_entry_swarm, grunt_forest_stairs_basic,
          serial_bayou_ford_a, nicolae_quartered_pool_medium
Lair:7:   minmay_slime_entry_oklob_enclosed, lab_entry_generic
Lair:8:   grunt_lair_end_beastmaster
Swamp:1:  hangedman_swamp_blocks
Swamp:2:  evilmike_swamp_ruin_house_2, uniq_donald
Swamp:3:  evilmike_swamp_ruin_rubble_1, infiniplex_staircase_pool_2
Swamp:4:  evilmike_swamp_ruin_house_1
Orc:1:    serial_shops, shop, basic_altar
Orc:2:    david_defended_altar_orc
Orc:3:    serial_shops, shop, nicolae_orc_pool_cavern, nicolae_orc_crystal_geode
Orc:4:    grunt_orc_community_town_hall, grunt_orc_community_big_house_1,
          grunt_orc_community_big_house_1, grunt_orc_community_house_2,
          grunt_orc_community_house_2, grunt_orc_community_house_1,
          grunt_orc_community_house_2, serial_shops,
          nicolae_shop_overgrown_old_shop, uniq_azrael
Lab:      labyrinth_mini_lab, labyrinth_skeletal_remains

Action                   |  1- 3 |  4- 6 |  7- 9 | 10-12 | 13-15 | 16-18 || total
-------------------------+-------+-------+-------+-------+-------+-------++-------
Melee: Short sword       |    82 |   186 |   453 |    61 |       |       ||   782
       Scimitar          |       |       |    36 |     4 |    12 |       ||    52
       Long sword        |       |       |    22 |       |       |       ||    22
       Great sword       |       |       |       |   721 |  1293 |   276 ||  2290
       Battleaxe         |       |       |       |       |     8 |    35 ||    43
 Fire: Blowgun           |       |       |    21 |    19 |    31 |       ||    71
Throw: Javelin           |     6 |    15 |    98 |    92 |    91 |    11 ||   313
       Throwing net      |       |       |     4 |       |     1 |       ||     5
       Tomahawk          |       |       |       |     7 |    68 |       ||    75
Invok: Call Merchant     |       |       |       |     4 |       |       ||     4
Evoke: Wand              |       |       |     2 |    12 |    21 |     4 ||    39
       Sack of spiders   |       |       |       |       |       |     4 ||     4
  Use: Scroll            |    11 |     2 |     5 |    14 |    16 |     7 ||    55
       Potion            |       |       |     5 |     3 |     6 |       ||    14
 Stab: Distracted        |       |       |     1 |    11 |    13 |     6 ||    31
       Held in net/web   |       |       |       |       |     1 |       ||     1
       Petrified         |       |       |       |       |     1 |       ||     1
  Eat: Chunk             |     1 |     4 |       |       |       |       ||     5
       Pizza             |       |     2 |     1 |     1 |     2 |     1 ||     7
       Royal jelly       |       |     1 |       |    11 |       |       ||    12
       Bread ration      |       |       |     3 |     1 |     7 |     2 ||    13
       Beef jerky        |       |       |     1 |     2 |     5 |       ||     8
       Fruit             |       |       |     4 |     3 |     3 |    14 ||    24
